 Dungeon Crawl Stone Soup version 0.24.1-14-gf8d2b509d9 (webtiles) character file.

Game seed: 10497253404662412879, levelgen mode: deterministic

35 Peloso the Skirmisher (level 3, 0/29 HPs)
             Began as a Demonspawn Fighter on May 30, 2020.
             Slain by an adder (2 damage)
             ... on level 2 of the Dungeon.
             The game lasted 00:02:10 (643 turns).

Peloso the Skirmisher (Demonspawn Fighter)           Turns: 643, Time: 00:02:11

Health: 0/29       AC:  6    Str: 14 (16) XL:     3   Next: 16%
Magic:  3/3        EV:  3    Int:  6 (9)  God:
Gold:   24         SH:  8    Dex: 10 (11) Spells: 2/2 levels left

rFire    + . .     SeeInvis .   a - +0 long sword
rCold    . . .     Gourm    .   c - +0 shield
rNeg     . . .     Faith    .   b - +0 scale mail
rPois    .         Spirit   .   (no helmet)
rElec    .         Reflect  .   (no cloak)
rCorr    .         Harm     .   (no gloves)
MR       .....                  (no boots)
Stlth    ..........             (no amulet)
HPRegen  0.09/turn              e - -2 ring of dexterity (curse)
MPRegen  0.08/turn              (no ring)

@: lethally poisoned (0 -> -13), constricted
A: fire resistance 1, flame cloud immunity
a: no special abilities


You were on level 2 of the Dungeon.
You were not hungry.

You visited 1 branch of the dungeon, and saw 2 of its levels.

You collected 24 gold pieces.

Inventory:

Hand Weapons
 a - a +0 long sword (weapon)
Armour
 b - a +0 scale mail (worn)
 c - a +0 shield (worn)
Jewellery
 e - a cursed -2 ring of dexterity (left hand)
Scrolls
 i - a scroll of fog
Potions
 d - a potion of might
 j - a potion of berserk rage
Comestibles
 f - a ration


   Skills:
 + Level 3.3 Fighting
 + Level 2.2 Long Blades
 + Level 3.0 Armour
 + Level 0.3 Dodging
 + Level 3.0 Shields


You had 2 spell levels left.
You didn't know any spells.
Your spell library was empty.

Dungeon Overview and Level Annotations

Branches:
Dungeon (2/15)

Altars:


Innate Abilities, Weirdness & Mutations

Your flesh is heat resistant. (rF+)
You are immune to clouds of flame.


Message History

The goblin hits you but does no damage. The hobgoblin hits you with a +0 club.
* * * LOW HITPOINT WARNING * * *
The adder bites you but does no damage. You block the goblin's attack.
You hit the hobgoblin.
You kill the hobgoblin!
* * * LOW HITPOINT WARNING * * *
You feel sick. The adder bites you but does no damage.
The goblin hits you but does no damage. The adder bites you but does no damage.
Unknown command.
Okay, then.
You slash the goblin!
You kill the goblin!
* * * LOW HITPOINT WARNING * * *
You feel sick. The ball python bites you.
* * * LOW HITPOINT WARNING * * *
You block the ball python's attack. The adder bites you but does no damage.
The ball python closely misses you.
You riposte.
Your shield and scale mail prevent you from hitting the ball python.
The ball python grabs you. The ball python constricts you. The adder bites you.
You die...

############
#..........#
####..........#
.##.............#.
.........S@.......
.........S)......#
........)........#
.!.....<..........
..................
..#...............
#.......#.###..#
...........# ..#
...####......


You could see an adder and a ball python.

Vanquished Creatures
  A dart slug (D:1)
  3 bats (D:1)
  2 giant cockroaches (D:1)
  4 goblins
  4 hobgoblins
  7 jackals (D:1)
  4 kobolds (D:1)
  3 rats (D:1)
28 creatures vanquished.

Notes
Turn   | Place    | Note
-------+----------+-------------------------------------------
     0 | D:1      | Peloso the Demonspawn Fighter began the quest for the Orb.
     0 | D:1      | Reached XP level 1. HP: 18/18 MP: 1/1
   113 | D:1      | Gained mutation: Your flesh is heat resistant. (rF+)
                  | [demonic ancestry]
   113 | D:1      | Reached XP level 2. HP: 24/24 MP: 2/2
   453 | D:1      | Gained mutation: You are immune to clouds of flame.
                  | [demonic ancestry]
   453 | D:1      | Reached XP level 3. HP: 29/29 MP: 3/3
   643 | D:2      | Slain by an adder

Levels and vault maps discovered:
D:1:      nzn_arrival_settlement, layout_loops_ring
D:2:      layout_rooms, tso_altar

Skill      XL: |  1  2 |
---------------+-------+-----
Armour         | 3 |  3.0
Long Blades    | 2 |  2.2
Shields        | 3 |  3.0
Fighting       | |  3.3
Dodging        | |  0.3

Action                   || total
-------------------------++-------
Melee: Long sword        ||    70
  Use: Scroll            ||     4
       Potion            ||     1
Armor: Scale mail        ||    50
Dodge: Dodged            ||    21
Block: Shield            ||    37
       Rpst.: Long sword ||    10
